 Dungeon Crawl Stone Soup version 0.31-a0-145-g046c7d2549 (webtiles) character file.

Game seed: 8376650718967302600

241 qw the Shooter (level 5, -2/46 HPs)
             Began as a Minotaur Hunter on June 7, 2023.
             Was an Initiate of Okawaru.
             Slain by an ogre
             ... wielding a +0 giant club
              (5 damage)
             ... on level 4 of the Dungeon.
             The game lasted 00:01:03 (2663 turns).

qw the Shooter (Minotaur Hunter)                    Turns: 2663, Time: 00:01:03

Health: -2/46      AC: 10    Str: 16    XL:     5   Next: 80%
Magic:  4/4        EV: 16    Int:  6    God:    Okawaru [......]
Gold:   103        SH:  0    Dex: 15    Spells: 4/4 levels left

rFire   . . .        Y - +0 shortbow
rCold   . . .        (shield currently unavailable)
rNeg    . . .        b - +0 ring mail
rPois   .            (helmet restricted)
rElec   .            f - +0 cloak
rCorr   .            (no gloves)
SInv    .            (no boots)
Will    .....        (no amulet)
Stlth   +            h - +5 ring of evasion
HPRegen 0.27/turn    i - +4 ring of protection
MPRegen 0.09/turn

%: no passive effects
@: no status effects
A: horns 2, retaliatory headbutt
a: Renounce Religion


You were on level 4 of the Dungeon.
You worshipped Okawaru.
Okawaru was noncommittal.
You visited 2 branches of the dungeon, and saw 5 of its levels.

You collected 202 gold pieces.
You spent 99 gold pieces at shops.


Innate Abilities, Weirdness & Mutations

You have a pair of horns on your head.
You reflexively headbutt those who attack you in melee.


   Skills:
 - Level 4.0 Fighting
 + Level 7.0 Ranged Weapons
 - Level 1.8 Armour
 - Level 2.1 Dodging
 - Level 0.7 Stealth


You had 4 spell levels left.
You didn't know any spells.
Your spell library was empty.

Inventory:

Hand Weapons
 Y - a +0 shortbow (weapon)
Armour
 b - a +0 ring mail (worn)
 f - a +0 cloak (worn)
Jewellery
 h - a +5 ring of evasion (left hand)
 i - a +4 ring of protection (right hand)
Scrolls
 a - a scroll of identify
Potions
 c - a potion of might {unknown}
 d - a potion of attraction {unknown}
 e - a potion of curing
 g - a potion of lignification {unknown}

Dungeon Overview and Level Annotations

Branches:
Dungeon (4/15)             Temple (1/1) D:4

Altars:
Cheibriados
Elyvilon
Fedhas
Gozag
Hepliaklqana
Kikubaaqudgha
Makhleb
Okawaru
Qazlal
Ru
Sif Muna
Trog
Uskayaw
Vehumet
Wu Jian
Xom
Yredelemnul
Zin
The Shining One

Shops:
D:3 [

Annotations:
D:2 1 runed translucent door, Crazy Yiuf


Message History

An orc comes into view. It is wielding a +0 flail.
An orc comes into view. It is wielding a +2 mace of holy wrath.
You shoot an arrow. The orc shouts! x2
The arrow hits the orc.
The orc is heavily wounded.
The orc priest invokes the aid of Beogh against you.
You barely resist. You shoot an arrow. The arrow barely misses the orc.
An adder comes into view.
An orc comes into view. It is wielding a +0 dagger.
You shoot an arrow. The orc shouts!
The arrow hits the orc.
You kill the orc!
Okawaru accepts your kill.
Your Ranged Weapons skill increases to level 7!
You shoot an arrow. The arrow hits the ogre.
The ogre is lightly wounded.
You shoot an arrow. The arrow hits the ogre!
The ogre is heavily wounded.
The ogre closely misses you. You furiously retaliate!
You headbutt the ogre. You shoot an arrow. The arrow hits the ogre.
The ogre is severely wounded.
The ogre hits you with a +0 giant club!!
You shoot an arrow.
The arrow hits the ogre but does no damage.
The ogre is severely wounded.
The orc hits you with a +2 mace of holy wrath.
The ogre closely misses you. The orc priest hits you with a +3 mace!
The orc closely misses you.
You shoot an arrow. The arrow closely misses the ogre.
The arrow closely misses the adder.
The orc hits you with a +2 mace of holy wrath.
The orc priest mumbles some strange prayers to Beogh against you.
Beogh smites you! The orc misses you.
You shoot an arrow. The arrow barely misses the ogre.
The arrow completely misses the adder.
The ogre hits you with a +0 giant club.
You die...

...............##
........###....#
.........#.....#
######...#......#
###.........
##..........
##..........
##.........##
#....@o...##
#....ooOo..##
........S..##
#......?....#
....
..###.......#
....# ..
#####...? ...$
#..... ...#
....... #.. #.


You could see an ogre, an orc priest, an adder and 3 orcs.

Vanquished Creatures
  A hound (D:4)
  2 sleepcaps
  An orc wizard (D:4)
  Terence (D:2)
  3 adders
  An ufetubus (D:4)
  A dart slug (D:4)
  12 orcs
  3 bats
  3 endoplasms
  2 giant cockroaches
  7 goblins
  2 hobgoblins
  6 jackals
  3 kobolds (D:1)
  7 quokkas
  5 ball pythons
  2 frilled lizards
  3 rats
65 creatures vanquished.

Notes
Turn   | Place    | Note
-------+----------+-------------------------------------------
     0 | D:1      | qw the Minotaur Hunter began the quest for the Orb.
     0 | D:1      | Reached XP level 1. HP: 18/18 MP: 0/0
     0 | D:1      | 0 ||| qw: Version: 0.2-a-117-gc6b5c8b
     0 | D:1      | 0 ||| qw: Game counter: 2512
     0 | D:1      | 0 ||| qw: Always use a shield: true
     0 | D:1      | 0 ||| qw: God list: Okawaru
     0 | D:1      | 0 ||| qw: Allow faded altars: false
     0 | D:1      | 0 ||| qw: Do Orc after D:15 true
     0 | D:1      | 0 ||| qw: Do second Lair branch before Depths: true
     0 | D:1      | 0 ||| qw: Lair rune preference: random
     0 | D:1      | 0 ||| qw: Plans: Normal
     0 | D:1      | 0 ||| PLANNING D:1-11
   208 | D:1      | Reached XP level 2. HP: 19/25 MP: 1/1
   511 | D:1      | Reached skill level 5 in Ranged Weapons
   627 | D:1      | 627 ||| UPGRADING to +5 ring of evasion.
   628 | D:1      | 628 ||| READING scroll labelled SAKLYT QAZ KEME.
   629 | D:1      | 629 ||| READING scroll labelled YGIYSUDEERR.
   630 | D:1      | 630 ||| READING scroll labelled LAUH XIUSAESOU.
   631 | D:1      | 631 ||| READING scroll labelled BERECA YFYLUO.
   632 | D:1      | 632 ||| READING scroll labelled AGGIMA EFIA.
   633 | D:1      | 633 ||| DRINKING 2 golden potions.
   634 | D:1      | 634 ||| DROPPING scroll of butterflies.
   713 | D:2      | Found a runed translucent door.
   714 | D:2      | Noticed Crazy Yiuf
   801 | D:2      | Reached skill level 3 in Fighting
   882 | D:2      | Reached XP level 3. HP: 31/31 MP: 2/2
   908 | D:2      | Noticed Terence
   912 | D:2      | Killed Terence
  1163 | D:2      | 1163 ||| READING scroll labelled TOUKHL MASILLY.
  1164 | D:2      | 1164 ||| READING 2 scrolls of identify.
  1164 | D:2      | 1164 ||| IDENTIFYING smoky silvery potion
  1165 | D:2      | 1165 ||| DROPPING potion of brilliance.
  1319 | D:3      | Reached XP level 4. HP: 26/36 MP: 3/3
  1506 | D:3      | Found Pywkyl's Antique Armour Boutique.
  1514 | D:3      | 1514 ||| BUYING cloak (99 gold).
  1514 | D:3      | Bought a cloak for 99 gold pieces
  1514 | D:3      | 1514 ||| SHOPLISTING heavily jewelled robe (125 gold, have
                  | 49).
  1514 | D:3      | 1514 ||| SHOPLISTING shiny ring mail (154 gold, have 49).
  1708 | D:3      | Reached skill level 6 in Ranged Weapons
  2094 | D:3      | 2094 ||| UPGRADING to +0 ring mail.
  2104 | D:3      | 2104 ||| DROPPING +0 leather armour.
  2105 | D:3      | 2105 ||| UPGRADING to +0 cloak.
  2110 | D:3      | 2110 ||| UPGRADING to +4 ring of protection.
  2229 | D:4      | 2229 ||| DRINKING 2 potions of curing.
  2229 | D:4      | 2229 ||| (to cure confusion)
  2232 | D:4      | Reached skill level 1 in Armour
  2232 | D:4      | Reached XP level 5. HP: 46/46 MP: 4/4
  2406 | D:4      | Found a staircase to the Ecumenical Temple.
  2407 | D:4      | 2407 ||| PLANNING TEMPLE
  2407 | D:4      | 2407 ||| READING scroll labelled ZIOC KIMUTSIH.
  2412 | D:4      | 2412 ||| Stepping randomly (stuck).
  2413 | D:4      | 2413 ||| Stepping randomly (stuck).
  2414 | D:4      | 2414 ||| Stepping randomly (stuck).
  2415 | D:4      | 2415 ||| Stepping randomly (stuck).
  2416 | D:4      | 2416 ||| Stepping randomly (stuck).
  2417 | D:4      | 2417 ||| Stepping randomly (stuck).
  2418 | D:4      | 2418 ||| Stepping randomly (stuck).
  2591 | Temple   | Entered the Ecumenical Temple
  2591 | Temple   | Found a transporter.
  2591 | Temple   | Found a transporter.
  2593 | Temple   | Found a transporter.
  2593 | Temple   | Found a transporter.
  2603 | Temple   | 2603 ||| PLANNING D:1-11
  2608 | Temple   | 2608 ||| PLANNING OKAWARU WORSHIP
  2615 | Temple   | Became a worshipper of Warmaster Okawaru
  2615 | Temple   | 2615 ||| PLANNING D:1-11
  2653 | D:4      | Noticed an ogre
  2658 | D:4      | Reached skill level 7 in Ranged Weapons
  2662 | D:4      | HP: 2/46 [orc priest/divine providence (14)]
  2663 | D:4      | Slain by an ogre

Levels and vault maps discovered:
D:1:      lemuel_arrival_broad_hall, layout_loops_ring
D:2:      layout_rooms, uniq_crazy_yiuf_cottage, uniq_terence
D:3:      layout_loops_corners, serial_shops, nicolae_shop_statue_plus
D:4:      layout_layer_cave, minmay_temple_entry_tees, minmay_checkerbox
Temple:   hellmonk_temple_divided_pantheon

Skill      XL: |  1  2  3  4  5 |
---------------+----------------+-----
Ranged Weapons | 5 6 7 |  7.0
Fighting       | 3 4 |  4.0
Armour         | 1 |  1.8
Dodging        | |  2.1
Stealth        | |  0.7

Action                     |  1- 3 |  4- 6 || total
---------------------------+-------+-------++-------
   Fire: Shortbow          |    96 |   120 ||   216
    Use: Scroll            |     7 |     1 ||     8
         Potion            |     1 |     1 ||     2
 Armour: Leather armour    |     7 |     2 ||     9
         Ring mail         |       |    13 ||    13
  Dodge: Dodged            |    32 |    37 ||    69

Table legend:
 A = Non-vault XP
 B = Vault XP
 C = Vault XP percentage of total XP
 D = Non-vault monster count
 E = Vault monster count
 F = Vault count percentage of total count
                 A         B        C        D         E       F
            +---------+---------+-------+---------+---------+-------
      Total |     263 |      82 |  23.8 |      60 |       5 |   7.7
            +---------+---------+-------+---------+---------+-------
        D:1 |      17 |       0 |   0.0 |      10 |       0 |   0.0
        D:2 |      27 |      32 |  54.2 |       8 |       1 |  11.1
        D:3 |      91 |       0 |   0.0 |      23 |       0 |   0.0
        D:4 |     128 |      50 |  28.1 |      19 |       4 |  17.4
            +---------+---------+-------+---------+---------+-------
